 Dungeon Crawl Stone Soup version 0.24-a0-537-g2d01d4ab0a (webtiles) character file.

Game seed: 9786115704377714848

90743 Gynju the Unseen (level 15, -7/77 HPs)
             Began as a Spriggan Enchanter on Aug 14, 2019.
             Was the Champion of Kikubaaqudgha.
             Killed by the raging water
             ... invoked by a water nymph
              (30 damage)
             ... on level 1 of the Shoals.
             The game lasted 02:23:17 (36243 turns).

Gynju the Unseen (Spriggan Enchanter)              Turns: 36243, Time: 02:23:17

Health: -7/77      AC: 11    Str:  4    XL:     15   Next: 53%
Magic:  28/37      EV: 32    Int: 23    God:    Kikubaaqudgha [******]
Gold:   2268       SH: 15    Dex: 25    Spells: 3/31 levels left

rFire    . . .     SeeInvis +   a - +7 dagger (pain)
rCold    + . .     Gourm    .   Y - +3 buckler
rNeg     . . .     Faith    .   Z - +2 robe {MR+}
rPois    +         Spirit   .   q - +2 hat "Arphenk" {Dex+7}
rElec    .         Reflect  +   W - +2 cloak {rPois}
rCorr    .         Harm     .   (gloves unavailable)
MR       +++++                  (boots unavailable)
Stlth    ++++......             M - +3 amulet of reflection
HPRegen  0.22/turn              J - ring of the Mantidfly {rPois rC+ MR++ AC+2 Int-3}
MPRegen  0.25/turn              v - ring "Xusysyj" {MP+9 Int+4}

@: about to teleport, slow
A: very small, unfitting armour, see invisible, herbivore, speed 3, slow
metabolism 2
a: Receive Corpses, Torment, Renounce Religion


You were on level 1 of the Shoals.
You worshipped Kikubaaqudgha.
Kikubaaqudgha was exalted by your worship.
You were near starving.

You visited 5 branches of the dungeon, and saw 25 of its levels.

You collected 2661 gold pieces.
You spent 393 gold pieces at shops.

Inventory:

Hand Weapons
 a - a +7 dagger of pain (weapon)
Missiles
 e - 465 stones (quivered)
 n - 139 poisoned darts
 x - 20 atropa-tipped darts
Armour
 q - the +2 hat "Arphenk" (worn) {Dex+7}
   (You acquired it on level 1 of the Shoals)

   It affects your dexterity (+7).
 W - a +2 cloak of poison resistance (worn)
 Y - a +3 buckler (worn)
 Z - a +2 robe of magic resistance (worn)
Jewellery
 o - an uncursed ring of protection from fire
 v - the ring "Xusysyj" (right hand) {MP+9 Int+4}
   (You acquired it on level 1 of the Lair of Beasts)

   [ring of magical power]

   It affects your intelligence (+4).
   It affects your magic capacity (+9).
 z - an uncursed amulet of regeneration
 A - an uncursed ring of fire
 J - the ring of the Mantidfly (left hand) {rPois rC+ MR++ AC+2 Int-3}
   (You bought it in a shop on level 2 of the Orcish Mines)

   [ring of protection]

   It affects your AC (+2).
   It affects your intelligence (-3).
   It protects you from cold.
   It protects you from poison.
   It affects your resistance to hostile enchantments.
 K - an uncursed ring of resist corrosion
 M - a +3 amulet of reflection (around neck)
 S - an uncursed ring of ice
Wands
 w - a wand of iceblast (7)
 E - a wand of flame (23)
 G - a wand of enslavement (30)
 Q - a wand of polymorph (12)
 X - a wand of acid (10)
Scrolls
 g - 5 scrolls of fog
 h - 3 scrolls of enchant armour
 i - a scroll of torment {unknown}
 m - 7 scrolls of teleportation
 p - 3 scrolls of amnesia
 y - 2 scrolls of magic mapping
 I - 6 scrolls of remove curse
 P - a scroll of silence
 R - 2 scrolls of fear
Potions
 f - 9 potions of curing
 j - 2 potions of flight
 k - 2 potions of degeneration
 l - 7 potions of ambrosia
 s - 3 potions of cancellation
 t - 6 potions of haste
 u - 3 potions of lignification
 C - a potion of magic {unknown}
 D - 2 potions of berserk rage {unknown}
 F - a potion of invisibility
 H - 3 potions of might
 L - 4 potions of agility
 N - a potion of heal wounds
 U - a potion of mutation {unknown}
Comestibles
 d - 20 rations


   Skills:
 - Level 8.0 Fighting
 - Level 10.0 Short Blades
 - Level 12.0 Dodging
 - Level 19.0 Stealth
 + Level 4.9 Shields
 - Level 8.6 Spellcasting
 - Level 12.3 Hexes
 + Level 11.0 Necromancy
 + Level 7.0 Ice Magic


You had 3 spell levels left.
You knew the following spells:

 Your Spells              Type           Power        Failure   Level  Hunger
a - Dazzling Spray        Conj/Hex       #####.       1%          3    None
b - Ensorcelled Hibernat  Hex/Ice        ######       1%          2    None
c - Tukima's Dance        Hex            ######..     1%          3    None
d - Confuse               Hex            ######..     1%          3    None
e - Pain                  Necr           ####         1%          1    None
f - Simulacrum            Ice/Necr       ######....   26%         6    ######.
g - Dispel Undead         Necr           ######..     2%          5    #####..
h - Bolt of Draining      Conj/Necr      #####.....   22%         5    #####..

Your spell library contained the following spells:

 Spells                   Type           Power        Failure   Level  Hunger
 Corona                   Hex            ######.      1%          1    None
 Corpse Rot               Necr           N/A          1%          2    None
 Sublimation of Blood     Necr           ######....   1%          2    None
 Regeneration             Chrm/Necr      #####.....   2%          3    None
 Sting                    Conj/Pois      #...         8%          1    None
 Poisonous Vapours        Pois/Air       #.....       12%         2    None
 Mephitic Cloud           Conj/Pois/Air  #.......     22%         3    None
 Death Channel            Necr           ######....   12%         6    ######.
 Excruciating Wounds      Chrm/Necr      #####.....   22%         5    #####..
 Olgreb's Toxic Radiance  Pois           #.......     58%         4    ##.....
 Venom Bolt               Conj/Pois      #.........   91%         5    #####..


Dungeon Overview and Level Annotations

Branches:
Dungeon (15/15)            Temple (1/1) D:5            Lair (6/6) D:9
 Shoals (1/4) Lair:4        Snake (0/4) Lair:4        Slime (0/5) Lair:5
    Orc (2/2) D:11            Elf (0/3) Orc:2        Vaults (0/5) D:13
 Depths (0/5) D:15

Altars:
Ashenzari
Cheibriados
Dithmenos
Elyvilon
Fedhas
Gozag
Hepliaklqana
Kikubaaqudgha
Makhleb
Nemelex Xobeh
Okawaru
Qazlal
Ru
Sif Muna
Trog
Uskayaw
Vehumet
Wu Jian
Xom
Yredelemnul
Zin
The Shining One
Beogh
Jiyva

Shops:
D:6 *   D:15 [   Orc:2 =*(?   Shoals:1 *

Annotations:
Orc:2 2 transporters, bgiannan's ghost, journeyman GrMo


Innate Abilities, Weirdness & Mutations

You are very small and have problems with some larger weapons.
You are too small for most types of armour.
You have supernaturally acute eyesight. (SInv)
You are a herbivore.
You cover ground extremely quickly.
You need to consume almost no food.


Message History

Confirm with . or Enter, or press ? or * to list all spells.
Aiming: Ensorcelled Hibernation (safe; 1% risk of failure)
Press: ? - help, Shift-Dir - straight line, f/p - water nymph
Aim: a water nymph (moderately wounded, chance to defeat MR: 11%)
The water nymph resists with almost no effort.
The water nymph casts a spell at you. The water swirls and strikes you!
* * * LOW HITPOINT WARNING * * *
The faun shoots a sling bullet.
You reflect the sling bullet off an invisible shield around you!
The sling bullet closely misses the faun.
The faun shoots a stone.
You reflect the stone off an invisible shield around you!
The stone hits the faun!
As you read the scroll of teleportation, it crumbles to dust.
You feel strangely unstable.
The water nymph points at you and mumbles some strange words.
The water swirls and strikes you!
You die...
Kikubaaqudgha rasps: "You have failed me!
Welcome... death!"

.....≈≈..≈.....PPP.P....≈≈≈≈≈PPP.
........≈≈.....P.P.P......≈PPPP≈≈
........≈≈.....P.P.P.......≈≈≈≈≈≈
..##...≈≈≈.....P...P.....P..≈P≈≈≈
.###....≈≈≈....PPPPP........≈≈≈≈≈
..#.≈..≈≈≈≈≈≈..............≈P≈≈≈≈
......≈≈≈≈≈≈≈≈.......).c...c≈mc≈≈
....≈≈≈≈≈≈≈≈≈≈≈.....c...(.(c.#...
...≈≈≈≈≈≈≈≈≈≈≈≈(@...cc(.≈...P..≈≈
....≈≈≈≈≈≈≈≈≈≈(m≈.......≈..≈≈≈≈≈≈
.....≈≈.≈≈≈≈≈≈≈≈≈..........≈≈P≈≈≈
...).....≈≈≈≈≈)........≈≈..≈≈≈P≈P
.).......≈≈≈≈≈≈.......≈≈≈..≈≈..^.
PP...)...≈≈≈≈≈.....##..≈≈≈≈≈P....
∩)....(...≈≈≈≈.....##.≈≈≈≈≈≈P≈.≈P
.÷....)...≈≈≈≈...... ≈≈
.....)..(...≈≈≈...≈≈


You could see 4 fauns and a water nymph.

Vanquished Creatures
  Louise (D:14)
  A stone giant (Orc:1)
  Azrael (D:13)
  Nessos (Lair:5)
  A fire dragon (D:14)
  2 merfolk impalers (Shoals:1)
  Erolcha (D:11)
  Harold (Lair:2)
  3 vault guards (D:13)
  A rakshasa (D:15)
  8 two-headed ogres
  6 hydras
  2 centaur warriors (D:14)
  3 ogre magi
  An unseen horror (D:15)
  2 wizards
  2 sea snakes (Shoals:1)
  Pikel (D:7)
  4 orc knights
  A deep elf mage (D:13)
  A wolf spider zombie (D:15)
  18 ugly things
  4 orc sorcerers
  A faun (Shoals:1)
  4 manticores
  5 cyclopes
  2 naga magi (D:15)
  4 black mambas
  21 spiny frogs
  3 gargoyles
  A komodo dragon (shapeshifter) (D:13)
  A rime drake (Lair:2)
  A kobold demonologist (D:12)
  A freezing wraith (D:14)
  An efreet (D:14)
  4 komodo dragons
  2 yaktaurs
  6 merfolk (Shoals:1)
  A tengu conjurer (D:13)
  6 trolls
  A hornet (D:12)
  4 tyrant leeches (Lair:6)
  16 blink frogs
  11 slime creatures
  2 snapping turtles (Shoals:1)
  9 hippogriffs
  Sigmund (D:2)
  3 wraiths
  A shadow (D:13)
  A spriggan (D:7)
  2 wyverns
  3 water elementals (Shoals:1)
  38 yaks
  A basilisk (Lair:2)
  2 hungry ghosts
  2 fire elementals (D:13)
  6 vampire mosquitoes
  2 nagas (Lair:4)
  3 wargs
  2 acid dragons
  3 soldier ants
  8 water moccasins
  3 hell hounds (D:13)
  7 porcupines
  An eye of draining (D:8)
  4 black bears
  2 ice beasts
  4 sky beasts
  4 slaves (D:7)
  A black bear (shapeshifter) (D:15)
  24 orc warriors
  2 phantoms
  16 ogres
  13 centaurs
  A necrophage (D:7)
  6 crocodiles
  4 big kobolds
  25 bullfrogs
  2 wyvern skeletons
  3 scorpions
  16 killer bees
  An electric eel (Lair:6)
  3 wights (D:7)
  9 howler monkeys
  4 crimson imps
  5 bullfrog zombies
  4 centaur zombies
  3 hounds
  4 bullfrog skeletons
  5 jellies
  A quasit (D:8)
  7 centaur skeletons
  17 orc priests
  Jessica (D:2)
  2 iguanas
  21 orc wizards
  6 worker ants
  2 hell rats (Lair:4)
  A hound zombie (D:5)
  4 hound skeletons
  3 worker ant zombies
  13 gnolls
  A howler monkey skeleton (D:7)
  12 adders
  9 river rats (Lair:4)
  12 white imps (Lair:5)
  An ooze (D:1)
  2 adder zombies
  3 adder skeletons
  3 worms
  2 dart slugs
  5 leopard geckos
  68 orcs
  2 giant cockroaches
  4 goblins
  5 hobgoblins
  3 jackals (D:6)
  4 quokkas
  2 ball pythons
  8 bats
  3 frilled lizards
  26 kobolds
  A leopard gecko skeleton (D:4)
  A quokka skeleton (D:7)
  9 rats
691 creatures vanquished.

Vanquished Creatures (collateral kills)
  A merfolk impaler (Shoals:1)
  An orc knight (D:13)
  A troll (D:10)
  2 merfolk (Shoals:1)
  12 orc warriors
  2 centaurs (Orc:2)
  A gnoll sergeant (D:9)
  3 wights (D:10)
  An orc priest (D:15)
  A gnoll shaman (Orc:2)
  3 orc wizards
  3 gnolls
  19 orcs
  3 kobolds (D:8)
53 creatures vanquished.

Vanquished Creatures (others)
  A yaktaur (D:13)
  4 dancing weapons
  2 centaurs (Shoals:1)
  An orc (Orc:2)
  9 fungi
  44 plants
  4 toadstools (D:5)
65 creatures vanquished.

Grand Total: 809 creatures vanquished

Notes
Turn   | Place    | Note
-------+----------+-------------------------------------------
     0 | D:1      | Gynju the Spriggan Enchanter began the quest for the Orb.
     0 | D:1      | Reached XP level 1. HP: 9/9 MP: 5/5
   335 | D:1      | Reached XP level 2. HP: 10/13 MP: 6/6
   339 | D:1      | Learned a level 2 spell: Ensorcelled Hibernation
  1303 | D:1      | Reached XP level 3. HP: 16/16 MP: 8/8
  1306 | D:1      | Reached skill level 5 in Stealth
  1490 | D:1      | You fall into a shaft and drop 1 floor!
  1490 | D:2      | Noticed Sigmund
  1510 | D:2      | Killed Sigmund
  1510 | D:2      | Reached skill level 6 in Stealth
  1510 | D:2      | Reached skill level 5 in Hexes
  1510 | D:2      | Reached XP level 4. HP: 2/21 MP: 8/11
  1510 | D:2      | Reached XP level 5. HP: 2/24 MP: 8/12
  1887 | D:2      | Noticed Jessica
  1897 | D:2      | Killed Jessica
  3219 | D:3      | Reached XP level 6. HP: 28/28 MP: 13/13
  3459 | D:4      | Learned a level 3 spell: Tukima's Dance
  3463 | D:4      | Learned a level 3 spell: Confuse
  3604 | D:4      | Reached skill level 7 in Stealth
  3919 | D:4      | Reached skill level 5 in Spellcasting
  3919 | D:4      | Reached XP level 7. HP: 32/32 MP: 1/15
  4599 | D:5      | Entered Level 5 of the Dungeon
  5047 | D:5      | Found a staircase to the Ecumenical Temple.
  5074 | Temple   | Entered the Ecumenical Temple
  5405 | Temple   | Became a worshipper of Kikubaaqudgha
  5568 | D:5      | Reached skill level 8 in Stealth
  5783 | D:5      | Reached skill level 1 in Fighting
  5852 | D:5      | Reached XP level 8. HP: 37/37 MP: 12/18
  6567 | D:6      | Found Vubb's Assorted Antiques.
  7311 | D:7      | Reached * piety under Kikubaaqudgha
  7311 | D:7      | Identified Kikubaaqudgha's Volume of Darkness
                  | (Kikubaaqudgha gifted it to you on level 7 of the Dungeon)
  7311 | D:7      | Received a gift from Kikubaaqudgha
  7343 | D:7      | Reached skill level 9 in Stealth
  7631 | D:7      | Found a bloodstained altar of Trog.
  7642 | D:7      | Reached skill level 5 in Dodging
  7683 | D:7      | Found an opulent altar of Gozag.
  7684 | D:7      | Noticed a hippogriff
  7704 | D:7      | Killed a hippogriff
  7704 | D:7      | Reached skill level 1 in Necromancy
  7727 | D:7      | Reached XP level 9. HP: 42/42 MP: 9/20
  7808 | D:7      | Noticed Pikel
  7816 | D:7      | Killed Pikel
  7816 | D:7      | Reached skill level 10 in Stealth
  8169 | D:7      | Found a shadowy altar of Dithmenos.
  8981 | D:8      | Found an ornate altar of the Wu Jian Council.
  9028 | D:8      | Reached ** piety under Kikubaaqudgha
  9111 | D:8      | Found a white marble altar of Elyvilon.
  9244 | D:8      | Reached skill level 11 in Stealth
  9411 | D:8      | Found a snail-covered altar of Cheibriados.
 10551 | D:8      | Reached skill level 10 in Hexes
 10802 | D:8      | Reached XP level 10. HP: 32/49 MP: 18/23
 11649 | D:9      | Reached *** piety under Kikubaaqudgha
 11649 | D:9      | Identified Kikubaaqudgha's Handbook of Dark Secrets
                  | (Kikubaaqudgha gifted it to you on level 9 of the Dungeon)
 11649 | D:9      | Received a gift from Kikubaaqudgha
 11867 | D:9      | Noticed a gargoyle
 11883 | D:8      | Found a shattered altar of Ashenzari.
 12560 | D:9      | Found a basalt altar of Yredelemnul.
 12596 | D:9      | Found a staircase to the Lair.
 12660 | D:9      | Killed a gargoyle
 12660 | D:9      | Reached skill level 5 in Short Blades
 12660 | D:9      | Reached skill level 12 in Stealth
 12665 | D:9      | Reached skill level 1 in Ice Magic
 12847 | D:9      | Found a bloodstained altar of Trog.
 12897 | D:10     | Entered Level 10 of the Dungeon
 14145 | D:10     | Reached **** piety under Kikubaaqudgha
 14694 | D:11     | Reached XP level 11. HP: 42/53 MP: 20/24
 14763 | Lair:1   | Entered Level 1 of the Lair of Beasts
 14792 | Lair:1   | Identified a scroll of acquirement
 14793 | Lair:1   | Got a clouded brass ring
 14901 | Lair:1   | Identified the ring "Xusysyj" {MP+9 Int+4} (You acquired it
                  | on level 1 of the Lair of Beasts)
 14993 | Lair:1   | Learned a level 3 spell: Dazzling Spray
 15013 | Lair:1   | Reached skill level 13 in Stealth
 15959 | Lair:2   | Reached skill level 5 in Necromancy
 16062 | Lair:2   | Noticed Harold
 16079 | Lair:2   | Killed Harold
 17618 | Lair:4   | Noticed a four-headed hydra
 17627 | Lair:4   | Killed a four-headed hydra
 17627 | Lair:4   | Reached skill level 14 in Stealth
 17671 | Lair:4   | Found a staircase to the Shoals.
 17780 | Lair:4   | Found a dark tunnel.
 17837 | Lair:4   | Found a staircase to the Snake Pit.
 17977 | Lair:4   | Reached XP level 12. HP: 51/59 MP: 25/25
 17984 | Lair:4   | Noticed a four-headed hydra
 18028 | Lair:4   | Killed a four-headed hydra
 18914 | Lair:5   | Found a viscous altar of Jiyva.
 18914 | Lair:5   | Found a staircase to the Slime Pits.
 18949 | Lair:5   | Reached skill level 5 in Fighting
 18950 | Lair:5   | Noticed a four-headed hydra
 18957 | Lair:5   | Noticed Nessos
 19197 | Lair:5   | Killed Nessos
 19390 | Lair:5   | Killed a four-headed hydra
 19390 | Lair:5   | Reached skill level 15 in Stealth
 19393 | Lair:5   | Learned a level 1 spell: Pain
 19447 | Lair:5   | Reached ***** piety under Kikubaaqudgha
 19472 | Lair:5   | Found a frozen archway.
 19891 | Lair:6   | Entered Level 6 of the Lair of Beasts
 19905 | Lair:6   | Noticed an eight-headed hydra
 20790 | Lair:6   | Noticed a six-headed hydra
 20938 | Lair:6   | Killed a six-headed hydra
 21254 | Lair:6   | Reached skill level 16 in Stealth
 21265 | Lair:6   | Reached XP level 13. HP: 48/65 MP: 24/26
 22194 | Lair:6   | Got an ancient war axe
 22839 | D:11     | Found a staircase to the Orcish Mines.
 23105 | D:11     | Noticed Erolcha
 23109 | D:11     | Killed Erolcha
 23822 | D:11     | Identified the +9 war axe of Tenacity {protect, Int+5} (You
                  | found it on level 6 of the Lair of Beasts)
 23852 | D:12     | Reached skill level 5 in Ice Magic
 23898 | D:12     | Reached skill level 10 in Dodging
 23985 | D:12     | Reached ****** piety under Kikubaaqudgha
 23985 | D:12     | Reached skill level 1 in Shields
 24564 | D:12     | Reached skill level 17 in Stealth
 24632 | D:12     | Found a radiant altar of Vehumet.
 26528 | D:13     | Noticed Azrael
 26534 | D:13     | Killed Azrael
 26546 | D:13     | Reached XP level 14. HP: 52/70 MP: 19/27
 27477 | D:13     | Found a gate to the Vaults.
 27751 | D:14     | Reached skill level 18 in Stealth
 28523 | D:14     | Reached skill level 10 in Necromancy
 29188 | D:14     | Identified the +6 large shield of Lethargy {*Drain +Inv
                  | rElec SInv}
 29188 | D:14     | Noticed Louise
 29221 | D:14     | Killed Louise
 29732 | D:15     | Entered Level 15 of the Dungeon
 29773 | D:15     | Found Kaerigum's Armour Boutique.
 30718 | D:15     | Reached XP level 15. HP: 38/75 MP: 19/28
 31082 | D:15     | Found a staircase to the Depths.
 31090 | D:15     | Reached skill level 19 in Stealth
 31621 | Orc:1    | Entered Level 1 of the Orcish Mines
 32174 | Orc:2    | Entered Level 2 of the Orcish Mines
 32612 | Orc:2    | Reached skill level 10 in Short Blades
 32641 | Orc:2    | Found a staircase to the Elven Halls.
 32816 | Orc:2    | Found a transporter.
 32816 | Orc:2    | Noticed bgiannan's ghost (journeyman GrMo)
 32849 | Orc:2    | Found a transporter.
 34406 | Orc:2    | Found Osug's General Store.
 34406 | Orc:2    | Found Yczid's Antique Weapon Boutique.
 34507 | Orc:2    | Found Geot Fuy's Magic Scroll Shop.
 34509 | Orc:2    | Found Juoxej's Jewellery Emporium.
 34527 | Orc:2    | Bought the ring of the Mantidfly {rPois rC+ MR++ AC+2
                  | Int-3} for 393 gold pieces
 34657 | Orc:1    | Found a roughly hewn altar of Beogh.
 34839 | D:11     | Learned a level 6 spell: Simulacrum
 34845 | D:11     | Learned a level 5 spell: Dispel Undead
 34851 | D:11     | Learned a level 5 spell: Bolt of Draining
 34978 | Shoals:1 | Entered Level 1 of the Shoals
 35445 | Shoals:1 | Identified a +4 dagger of pain (a +2 dagger of
                  | electrocution bloodied by Kikubaaqudgha)
 35445 | Shoals:1 | Received a gift from Kikubaaqudgha
 35450 | Shoals:1 | Got a dazzling hat
 35461 | Shoals:1 | Identified the +2 hat "Arphenk" {Dex+7} (You acquired it on
                  | level 1 of the Shoals)
 35635 | Shoals:1 | Found Saar's Assorted Antiques.
 36243 | Shoals:1 | Killed from afar by a water nymph

Levels and vault maps discovered:
D:1:      giann_wishing_wells, layout_basic
D:2:      layout_basic, minmay_pentomino_t4, uniq_sigmund, uniq_jessica
D:3:      layout_loops_cross, kennysheep_generic_room_4
D:4:      layout_basic, corexii_leaking_fountain, grunt_ministairs_11
D:5:      layout_basic, minmay_temple_entry_proselytizer, first_ration,
          serial_curves, eino_curves_04, eino_curves_04,
          minmay_gold_behind_fungi, nrook_mini_vaults, kennysheep_path_1,
          eino_small_chamber_without_monster
D:6:      layout_basic, serial_shops, nicolae_shop_overgrown_old_shop
D:7:      minmay_angry_zag, layout_rooms, nicolae_overflow_crystal_walls,
          marbit_many_paths, basic_altar, minmay_statues_item, uniq_pikel
D:8:      layout_loops_cross, nicolae_overflow_hidden_temple, the_bakery
D:9:      layout_big_octagon, kennysheep_little_box, overflow_temple_1_default,
          due_lair_maze_entry_diamond
D:10:     layout_irregular_city
D:11:     layout_basic, david_orc_3, uniq_erolcha
D:12:     layout_basic, basic_altar
D:13:     kennysheep_spiral_hall, layout_loops_corners,
          grunt_vaults_entry_fortified, abandoned_shop, uniq_azrael
D:14:     layout_loops_ring, serial_rivers, chequers_serial_rivers_marsh,
          chequers_serial_rivers_micro_d, chequers_serial_rivers_small_a,
          chequers_serial_rivers_micro_e, uniq_louise
D:15:     grunt_enter_depths_magical_seal, layout_irregular_city, serial_glass,
          glass_columns_a, glass_columns_b, glass_columns_a, glass_columns_c,
          glass_columns_b, glass_columns_b, glass_columns_a, glass_columns_a,
          glass_columns_c, glass_columns_c, glass_columns_a, glass_columns_a,
          glass_columns_a, glass_columns_a, patterned_corridor, serial_shops,
          shop
Temple:   eino_temple_water
Lair:1:   layout_misc_corridors
Lair:2:   layout_gridlike, uniq_harold
Lair:3:   layout_gridlike, wad_woods_road_04
Lair:4:   layout_cave_pods, minmay_shoals_entry_beasts,
          guppyfry_snake_entry_garden, nicolae_volcano_entry_s_turn,
          kennysheep_rathole
Lair:5:   layout_hall_layers, slime_altar_1, portal_ice_cave_entry_imps,
          st_stairs_8, uniq_nessos
Lair:6:   minmay_lair_end_frog_pond, layout_hall_layers,
          eino_small_chamber_without_monster
Shoals:1: layout_shoals, serial_shops, nicolae_shop_overgrown_old_shop,
          yaktaur_hedge
Orc:1:    layout_caves, basic_altar, nicolae_orc_rich_vein
Orc:2:    st_orc_rangers, layout_caves, gammafunk_ghost_stat_death,
          special_room, nicolae_orc_flooded_monolith

Skill      XL: |  1  2  3  4  5  6  7  8  9 10 11 12 13 14 15 |
---------------+----------------------------------------------+-----
Hexes          | 4 5 6 7 8 10 11 12 | 12.3
Spellcasting   | 3 4 5 6 7 8 |  8.6
Stealth        | 6 7 8 9 11 12 14 16 17 18 19 | 19.0
Short Blades   | 2 3 4 5 6 7 8 9 10 | 10.0
Fighting       | 1 2 3 4 5 6 7 8 |  8.0
Dodging        | 4 5 6 7 8 9 10 11 12 | 12.0
Necromancy     | 1 2 4 6 8 9 10 11 | 11.0
Ice Magic      | 1 3 4 5 6 7 |  7.0
Shields        | 2 3 4 |  4.9

Action                   |  1- 3 |  4- 6 |  7- 9 | 10-12 | 13-15 || total
-------------------------+-------+-------+-------+-------+-------++-------
Melee: Dagger            |    58 |    70 |   290 |   383 |   615 ||  1416
       Short sword       |    37 |    49 |    54 |    81 |       ||   221
       Falchion          |       |       |       |     6 |     1 ||     7
Throw: Stone             |     5 |       |       |    10 |    14 ||    29
       Dart              |       |       |     1 |     2 |       ||     3
 Cast: Ensorcelled Hiber |    14 |    34 |   100 |   218 |   397 ||   763
       Tukima's Dance    |       |     5 |    35 |    12 |    61 ||   113
       Confuse           |       |     2 |    21 |    26 |    40 ||    89
       Pain              |       |       |       |    15 |    20 ||    35
       Dazzling Spray    |       |       |       |       |    59 ||    59
Invok: Receive Corpses   |       |       |       |       |     1 ||     1
       Brand Weapon With |       |       |       |       |     1 ||     1
  Use: Scroll            |       |    11 |     4 |    12 |    17 ||    44
       Potion            |       |       |       |       |     5 ||     5
 Stab: Sleeping          |    12 |    29 |    75 |   151 |   272 ||   539
       Confused          |       |     1 |     8 |    17 |    30 ||    56
       Distracted        |       |       |     4 |     2 |     6 ||    12
       Invisible         |       |       |       |       |     5 ||     5
  Eat: Ration            |       |     1 |     4 |     5 |     7 ||    17
Armor: Robe              |     8 |    12 |    31 |    21 |    32 ||   104
Dodge: Dodged            |    68 |   115 |   311 |   436 |   415 ||  1345
Block: Other             |       |       |       |    12 |     3 ||    15
       Buckler           |       |       |       |       |   237 ||   237
       Reflection        |       |       |       |       |    51 ||    51

Table legend:
 A = Non-vault XP
 B = Vault XP
 C = Vault XP percentage of total XP
 D = Non-vault monster count
 E = Vault monster count
 F = Vault count percentage of total count
                 A         B        C        D         E       F
            +---------+---------+-------+---------+---------+-------
      Total |   88575 |   41059 |  31.7 |     566 |     178 |  23.9
            +---------+---------+-------+---------+---------+-------
        D:1 |      48 |       0 |   0.0 |      27 |       0 |   0.0
        D:2 |      43 |     270 |  86.3 |      15 |       3 |  16.7
        D:3 |      36 |       0 |   0.0 |       7 |       0 |   0.0
        D:4 |     523 |      34 |   6.1 |      23 |       2 |   8.0
        D:5 |     656 |      43 |   6.2 |      23 |       1 |   4.2
        D:6 |     180 |       0 |   0.0 |       9 |       0 |   0.0
        D:7 |    1292 |    1143 |  46.9 |      25 |       6 |  19.4
        D:8 |    1347 |     494 |  26.8 |      41 |       4 |   8.9
        D:9 |    1900 |     696 |  26.8 |      25 |       6 |  19.4
       D:10 |    2147 |     158 |   6.9 |      37 |       1 |   2.6
       D:11 |    2982 |    1245 |  29.5 |      26 |       7 |  21.2
       D:12 |    9110 |       0 |   0.0 |      48 |       0 |   0.0
       D:13 |    8113 |    8462 |  51.1 |      39 |      20 |  33.9
       D:14 |   18770 |    1696 |   8.3 |      47 |       1 |   2.1
       D:15 |    8992 |    5953 |  39.8 |      33 |       9 |  21.4
     Lair:1 |    1875 |       0 |   0.0 |       9 |       0 |   0.0
     Lair:2 |    3063 |    1007 |  24.7 |      14 |       1 |   6.7
     Lair:3 |     804 |     169 |  17.4 |       4 |       1 |  20.0
     Lair:4 |    3688 |    1375 |  27.2 |       8 |      17 |  68.0
     Lair:5 |    3482 |    3175 |  47.7 |      11 |      20 |  64.5
     Lair:6 |    3239 |   11153 |  77.5 |       8 |      40 |  83.3
   Shoals:1 |    9829 |     349 |   3.4 |      25 |       1 |   3.8
      Orc:1 |    2952 |       0 |   0.0 |      18 |       0 |   0.0
      Orc:2 |    3504 |    3637 |  50.9 |      44 |      38 |  46.3
            +---------+---------+-------+---------+---------+-------
